 Dungeon Crawl Stone Soup version 0.26.1-10-gdfb7c7de75 (webtiles) character file.

Game seed: 2500094026249673681

200 MajorAdolf the Skirmisher (level 5, -2/50 HPs)
             Began as a Naga Wanderer on Apr 7, 2021.
             Slain by a lemure (5 damage)
             ... led by Pikel
             ... on level 6 of the Dungeon.
             The game lasted 00:06:31 (2380 turns).

MajorAdolf the Skirmisher (Naga Wanderer)           Turns: 2380, Time: 00:06:31

Health: -2/50      AC:  5    Str: 13    XL:     5   Next: 78%
Magic:  5/5        EV:  6    Int: 12    God:
Gold:   106        SH: 13    Dex: 16    Spells: 4/4 levels left

rFire    . . .     SeeInvis +   a - +2 hand crossbow
rCold    . . .     Faith    .   k - +2 tower shield
rNeg     . . .     Spirit   .   e - +0 robe
rPois    +         Reflect  .   (no helmet)
rElec    .         Harm     .   (no cloak)
rCorr    .         Rampage  .   q - +2 pair of gloves {Dex+3}
Will     .....                  (no barding)
Stlth    ++........             (no amulet)
HPRegen  0.16/turn              (no ring)
MPRegen  0.09/turn              (no ring)

@: very slow
A: large, see invisible, deformed body, poison resistance, slowness 2, spit
poison 1, AC +1
a: Spit Poison


You were on level 6 of the Dungeon.
You visited 1 branch of the dungeon, and saw 5 of its levels.

You collected 106 gold pieces.

Inventory:

Hand Weapons
 a - a +2 hand crossbow (weapon)
Missiles
 b - 81 bolts (quivered ammo)
Armour
 e - a +0 robe (worn)
 k - a +2 tower shield (worn)
 q - a +2 pair of gloves of dexterity (worn)
Scrolls
 g - 2 scrolls of remove curse
 j - 3 scrolls of identify
 m - a scroll of fear
 n - a scroll of noise {unknown}
 o - a scroll of magic mapping {unknown}
 p - a scroll of teleportation
Potions
 c - 2 potions of lignification
 d - a potion of curing
 h - a potion of berserk rage {unknown}
 r - a potion of heal wounds {unknown}


   Skills:
 + Level 3.7 Fighting
 + Level 1.8 Axes
 - Level 1.7 Crossbows
 - Level 1.0 Throwing
 + Level 2.0 Armour
 + Level 2.3 Dodging
 - Level 1.5 Stealth
 + Level 1.4 Shields
 + Level 1.8 Evocations


You had 4 spell levels left.
You didn't know any spells.
Your spell library was empty.

Dungeon Overview and Level Annotations

Branches:
Dungeon (7/15)
 Temple: D:4-7

Altars:

Annotations:
D:6 Pikel


Innate Abilities, Weirdness & Mutations

You cannot wear boots.
Your serpentine skin is tough. (AC +1)
You have supernaturally acute eyesight. (SInv)
Armour fits poorly on your strangely shaped body.
Your system is resistant to poisons. (rPois)
You cover ground very slowly.
You can spit poison.


Message History

As you read the scroll labelled UGIHEPT RAT ZOE, it crumbles to dust.
It was a scroll of blinking.
An orc comes into view. It is wielding a +0 war axe.
Found a stone staircase leading down.
As you read the scroll labelled TUDIZXOLAZ, it crumbles to dust.
You feel strangely unstable.
It was a scroll of teleportation.
The orc shouts!
You hear a shout!
Okay, then.
Okay, then.
Found 18 gold pieces.
Your surroundings seem slightly different.
The lemure hits you.
* * * LOW HITPOINT WARNING * * *
Unknown command.
You feel better. You block the ufetubus's attack. x2
The orc hits you with a +0 war axe.
* * * LOW HITPOINT WARNING * * *
An orc wizard comes into view. It is wielding a +0 dagger.
The lemure hits you.
You die...

#.. .......### #...
##.....##o.
#...##..........
#..............#
#...#.........
#.........# .
#.....>...###...
#..###..o....... ##
#....@........
#....55...#...
#......5§§.#.. ..
##......§5§#.$ ..#
##....§§§§..###..##
#..#..§§§#§§.#..(. ..
#..#§§§§§#5§.........
......§§§§§§..# ....
.....##5§§..# ....


You could see 3 lemures, an orc wizard (wandering), an orc and an ufetubus.

Vanquished Creatures
  A bullfrog zombie (D:3)
  A jelly (D:6)
  3 gnolls (D:2)
  5 adders
  2 oozes
  A dart slug (D:1)
  4 orcs (D:3)
  8 bats
  9 goblins
  3 hobgoblins
  2 jackals (D:1)
  A quokka (D:2)
  3 frilled lizards
  8 kobolds
  10 rats
61 creatures vanquished.

Notes
Turn   | Place    | Note
-------+----------+-------------------------------------------
     0 | D:1      | MajorAdolf the Naga Wanderer began the quest for the Orb.
     0 | D:1      | MajorAdolf set off with the following items: a +2 hand
                  | crossbow, 24 bolts, a potion of lignification, a potion of
                  | curing, a +0 robe
     0 | D:1      | Reached XP level 1. HP: 21/21 MP: 1/1
    56 | D:1      | Reached XP level 2. HP: 28/28 MP: 2/2
   691 | D:2      | Reached XP level 3. HP: 33/34 MP: 3/3
  1301 | D:2      | Reached skill level 1 in Axes
  1301 | D:2      | Reached skill level 1 in Evocations
  1495 | D:2      | Reached skill level 1 in Shields
  1495 | D:2      | Reached XP level 4. HP: 30/42 MP: 4/4
  2071 | D:3      | Reached XP level 5. HP: 43/49 MP: 5/5
  2356 | D:3      | You fall into a shaft and drop 3 floors!
  2356 | D:6      | Noticed a lemure
  2356 | D:6      | Noticed a lemure
  2356 | D:6      | Noticed a lemure
  2357 | D:6      | Noticed Pikel
  2367 | D:7      | Noticed a phantom
  2379 | D:6      | HP: 2/50 [lemure[Pikel] (5)]
  2380 | D:6      | Slain by a lemure

Illustrated notes

Levels and vault maps discovered:
D:1:      lemuel_arrival_muddy, layout_rooms
D:2:      layout_basic, hex_large
D:3:      layout_rooms
D:6:      layout_cave_pools, uniq_pikel, uniq_duvessa, uniq_sigmund,
          uniq_crazy_yiuf_cottage
D:7:      layout_rooms, minmay_temple_entry_arrows,
          gammafunk_ghost_nasty_kobolds, corexii_hall_statues_t,
          fedhas_altar_decomposition

Skill      XL: |  1  2  3  4  5 |
---------------+----------------+-----
Axes           | 1 |  1.8
Evocations     | 1 |  1.8
Dodging        | 2 |  2.3
Shields        | 1 |  1.4
Armour         | 2 |  2.0
Fighting       | |  3.7
Crossbows      | |  1.7
Throwing       | |  1.0
Stealth        | |  1.5

Action                   |  1- 3 |  4- 6 || total
-------------------------+-------+-------++-------
 Fire: Hand crossbow     |    72 |    59 ||   131
 Abil: Spit Poison       |       |     2 ||     2
  Use: Potion            |       |     3 ||     3
       Scroll            |       |     7 ||     7
Armor: Robe              |     2 |    15 ||    17
Dodge: Dodged            |     7 |    21 ||    28
Block: Tower shield      |     2 |    59 ||    61
